Map: Frost LE

Players

TyWinThePimp - Winner!

  • Race: Protoss Protoss
  • League: Platinum
  • Spawn Location: 11:00

Fropez

  • Race: Protoss Protoss
  • League: Gold
  • Spawn Location: 5:00

VOD

Have the link to the VOD?

Description

Time

  • Played on: Oct. 22, 2016, 11:15 p.m.
  • Length: 11:27
Show
View Real Time Build Order
Export as new Build Order

TyWinThePimp Protoss - Winner!

Build Orders: 1 Gate Expand 

Get SALT Encoding   

  12  0:01  Probe (Chrono Boost)  
  13  0:13  Pylon  
  13  0:18  Probe (Chrono Boost)  
  14  0:29  Probe (Chrono Boost)  
  14  0:35  Gateway  
  15  0:40  Probe (Chrono Boost)  
  16  0:53  Probe (Chrono Boost)  
  16  0:56  Assimilator  
  17  1:03  Probe (Chrono Boost)  
  18  1:22  Nexus  
  18  1:33  Cybernetics Core  
  18  1:37  Probe (Chrono Boost)  
  19  1:52  Pylon  
  19  1:54  Assimilator  
  19  1:55  Probe (Chrono Boost)  
  20  2:10  Adept (Chrono Boost)  
  20  2:12  Warp Gate (Chrono Boost)  
  20  2:14  Probe  
  23  2:24  Gateway  
  23  2:39  Robotics Facility  
  23  2:46  Adept (Chrono Boost)  
  25  2:54  Mothership Core  
  25  2:56  Probe  
  28  3:06  Probe  
  29  3:14  Stalker  
  29  3:15  Probe  
  29  3:17  Sentry  
  34  3:20  Probe  
  35  3:27  Probe  
  35  3:28  Pylon  
  36  3:40  Warp Prism (Chrono Boost)  
  38  3:47  Probe  
  39  3:48  Probe  
  40  4:11  Gateway  
  40  4:14  Adept  
  40  4:15  Adept  
  40  4:16  Gateway  
  44  4:32  Probe  
  44  4:33  Probe, Immortal (Chrono Boost)  
  44  4:36  Assimilator  
  50  4:39  Assimilator  
  50  4:43  Probe  
  51  4:50  Sentry  
  53  4:56  Pylon  
  53  5:00  Pylon  
  53  5:06  Robotics Bay  
  53  5:07  Probe  
  54  5:13  Probe  
  54  5:19  Probe  
  56  5:39  Probe  
  56  5:40  Probe  
  58  5:52  Probe  
  58  5:55  Stalker x3  
  65  6:00  Disruptor (Chrono Boost)  
  68  6:04  Twilight Council  
  68  6:09  Pylon  
  68  6:11  Pylon  
  68  6:12  Pylon  
  68  6:14  Probe  
  68  6:15  Probe  
  70  6:26  Probe  
  70  6:28  Nexus  
  71  6:34  Disruptor (Chrono Boost)  
  74  6:47  Blink  
  74  6:53  Probe  
  74  6:54  Probe  
  76  7:04  Stalker  
  76  7:05  Stalker x3  
  84  7:13  Gateway  
  84  7:16  Gateway  
  84  7:23  Forge  
  84  7:24  Disruptor (Chrono Boost), Forge  
  84  7:27  Pylon  
  87  7:33  Probe  
  87  7:34  Probe  
  89  7:41  Stalker  
  89  7:42  Stalker x2  
  95  7:44  Stalker  
  77  8:47  Stalker x2  
  77  8:48  Stalker x2  
  85  8:58  Probe  
  85  9:00  Probe  
  87  9:03  Probe  
  88  9:12  Probe  
  88  9:13  Probe  
  88  9:14  Probe  
  91  9:24  Probe x3  
  94  9:34  Stalker x4  
  94  9:35  Probe, Stalker x2  
  94  9:36  Probe  
  108  9:41  Probe  
  109  9:56  Templar Archives  
  109  10:25  Probe  
  109  10:28  Probe  
  99  10:54  Stalker x4  
  99  10:55  Stalker  
  102  11:04  Stalker  
Show
View Real Time Build Order
Export as new Build Order

Fropez Protoss 

Build Orders: Nexus First 

Get SALT Encoding   

  12  0:01  Probe (Chrono Boost)  
  13  0:14  Pylon  
  13  0:17  Probe (Chrono Boost)  
  14  0:35  Probe (Chrono Boost)  
  15  0:55  Nexus  
  15  0:59  Probe (Chrono Boost)  
  16  1:09  Probe (Chrono Boost)  
  17  1:15  Gateway  
  17  1:21  Probe (Chrono Boost)  
  18  1:28  Assimilator  
  18  1:31  Probe (Chrono Boost)  
  19  1:42  Probe (Chrono Boost)  
  19  1:46  Gateway  
  20  1:51  Pylon  
  20  1:52  Probe (Chrono Boost)  
  21  2:03  Probe (Chrono Boost)  
  22  2:14  Probe (Chrono Boost)  
  22  2:15  Probe (Chrono Boost)  
  24  2:20  Pylon, Assimilator  
  24  2:27  Probe (Chrono Boost)  
  24  2:28  Probe (Chrono Boost)  
  26  2:37  Pylon, Probe (Chrono Boost)  
  26  2:43  Cybernetics Core  
  27  2:45  Probe (Chrono Boost)  
  28  2:54  Probe (Chrono Boost)  
  29  3:01  Gateway x2  
  29  3:04  Probe (Chrono Boost)  
  30  3:07  Probe (Chrono Boost)  
  31  3:15  Probe (Chrono Boost)  
  31  3:17  Probe (Chrono Boost)  
  33  3:21  Warp Gate (Chrono Boost)  
  33  3:23  Stalker  
  33  3:26  Mothership Core (Chrono Boost)  
  37  3:29  Stalker  
  39  3:39  Gateway  
  39  3:46  Probe (Chrono Boost)  
  39  3:47  Probe (Chrono Boost)  
  41  3:57  Probe x2 (Chrono Boost)  
  41  3:59  Assimilator  
  41  4:02  Assimilator  
  43  4:07  Pylon  
  43  4:12  Pylon  
  43  4:15  Stalker x2  
  46  4:18  Stalker  
  46  4:19  Stalker  
  46  4:21  Probe  
  51  4:30  Probe  
  51  4:31  Robotics Facility  
  52  4:40  Pylon  
  52  4:43  Pylon  
  52  4:56  Pylon, Probe  
  52  4:57  Probe  
  54  5:10  Gateway  
  54  5:12  Pylon  
  54  5:20  Pylon  
  54  5:24  Immortal  
  55  5:38  Probe  
  55  5:39  Probe  
  56  5:52  Probe  
  56  5:53  Probe  
  58  5:57  Adept x2  
  58  5:58  Adept x2  
  66  6:07  Probe  
  66  6:08  Probe  
  68  6:17  Probe  
  68  6:21  Warp Prism (Chrono Boost)  
  71  6:30  Probe  
  71  6:31  Probe  
  73  6:38  Adept x3  
  73  6:39  Adept x3  
  85  6:43  Probe  
  86  6:53  Observer (Chrono Boost)  
  87  6:54  Probe  
  87  6:56  Probe  
  89  7:05  Probe  
  90  7:09  Stalker x3  
  90  7:10  Stalker x3  
  90  7:12  Warp Prism (Chrono Boost)  
  104  7:17  Forge  
  104  7:19  Forge  
  104  7:20  Pylon  
  104  7:25  Probe  
  104  7:26  Probe  
  106  7:35  Probe  
  106  7:36  Nexus  
  106  7:38  Pylon, Probe  
  106  7:39  Pylon  
  108  7:46  Probe  
  109  8:00  Stalker x3  
  109  8:01  Stalker x2  
  91  8:30  Adept x4  
  91  8:31  Adept x2  
  103  8:39  Probe  
  103  8:41  Probe  
  101  8:54  Probe  
  101  8:55  Probe  
  101  8:56  Probe  
  101  8:59  Protoss Ground Weapons Level 1, Immortal (Chrono Boost), Protoss Ground Armor Level 1  
  102  9:05  Probe x2  
  100  9:15  Photon Cannon  
  100  9:19  Photon Cannon  
  100  9:22  Pylon  
  100  9:23  Probe  
  100  9:25  Probe  
  100  9:29  Assimilator  
  102  9:32  Assimilator, Photon Cannon  
  102  9:36  Photon Cannon  
  102  9:39  Photon Cannon  
  102  9:42  Photon Cannon  
  102  9:43  Photon Cannon  
  102  9:45  Photon Cannon  
  102  9:48  Photon Cannon  
  102  9:56  Adept x2  
  102  9:57  Adept x4  
  104  10:10  Probe x2  
  104  10:12  Probe  
  103  10:24  Photon Cannon  
  96  10:42  Stalker x3  
  100  10:43  Stalker x2  
  60  11:06  Stalker x5  
  59  11:14  Twilight Council  
Tags
 
Add a new tag
Caveats
  • Supply blocks, unpowered buildings, or Contaminate may cause inaccurate times.
  • Supply counts are checked every 10 seconds.